| TOP OF THE 1ST |
|
Kannapolis Intimidators batting - Pitching for Greenville Drive : RHP Su-wu Yang
|
|
Pitching: RHP Su-wu Yang
|
|
|
Batting: RHB Sean Peake
|
0-0: Called Strike 0-1: Ball 1-1: Swinging Strike 1-2: Strikes out swinging
|
|
Batting: RHB Mike Warzecha
|
0-0: Ball 1-0: Called Strike 1-1: Swinging Strike 1-2: Ball 2-2: Ball 3-2: Strikes out swinging
|
|
Batting: RHB Mark Jones
|
0-0: Called Strike 0-1: Ball 1-1: Swinging Strike 1-2: Foul Ball, location: 2F 1-2: Ball 2-2: Foul Ball, location: 2F 2-2: Ground out 4-3 (Groundball, 4M, EV 78.8 MPH)
|
| Top of the 1st over - 0 runs, 0 hits, 0 errors, 0 left on base; Kannapolis 0 - Greenville 0 |
| BOTTOM OF THE 1ST |
|
Greenville Drive batting - Pitching for Kannapolis Intimidators : RHP Gabe Wagner
|
|
Pitching: RHP Gabe Wagner
|
|
|
Batting: LHB John Buff
|
0-0: Ball 1-0: Foul Ball, location: 2F 1-1: Swinging Strike 1-2: Ball 2-2: Strikes out swinging
|
|
Batting: LHB Carlos Guerra
|
0-0: Called Strike 0-1: Ground out 1-3 (Groundball, 13S, EV 66.2 MPH)
|
|
Batting: LHB Eddie Contreras
|
0-0: Swinging Strike 0-1: Ball 1-1: Foul Ball, location: 2F 1-2: Strikes out looking
|
| Bottom of the 1st over - 0 runs, 0 hits, 0 errors, 0 left on base; Kannapolis 0 - Greenville 0 |
| TOP OF THE 2ND |
|
Kannapolis Intimidators batting - Pitching for Greenville Drive : RHP Su-wu Yang
|
|
Batting: LHB Herkko Haavikko
|
0-0: Ball 1-0: Swinging Strike 1-1: Swinging Strike 1-2: Ground out 3-1 (Groundball, 34S, EV 86.9 MPH)
|
|
Batting: RHB Nick Kleckner
|
0-0: Ground out 3-1 (Groundball, 34, EV 106.9 MPH)
|
|
Batting: RHB Armando Vazquez
|
0-0: Foul Ball, location: 2F 0-1: Ball 1-1: Ball 2-1: Ground out 6-3 (Groundball, 6, EV 93.1 MPH)
|
| Top of the 2nd over - 0 runs, 0 hits, 0 errors, 0 left on base; Kannapolis 0 - Greenville 0 |
| BOTTOM OF THE 2ND |
|
Greenville Drive batting - Pitching for Kannapolis Intimidators : RHP Gabe Wagner
|
|
Batting: RHB Jim Hubbard
|
0-0: Fly out, F6 (Line Drive, 6, EV 70.6 MPH)
|
|
Batting: SHB Robert Soto
|
0-0: Called Strike 0-1: Ball 1-1: Swinging Strike 1-2: Ball 2-2: Foul Ball, location: 2F 2-2: Fly out, F7 (Flyball, 78S, EV 88.1 MPH)
|
|
Batting: RHB Alex Cardenas
|
0-0: Foul Ball, location: 2F 0-1: Swinging Strike 0-2: Foul Ball, location: 2F 0-2: Ball 1-2: Strikes out swinging
|
| Bottom of the 2nd over - 0 runs, 0 hits, 0 errors, 0 left on base; Kannapolis 0 - Greenville 0 |
| TOP OF THE 3RD |
|
Kannapolis Intimidators batting - Pitching for Greenville Drive : RHP Su-wu Yang
|
|
Batting: RHB Tatsunori Hayakawa
|
0-0: Ball 1-0: Swinging Strike 1-1: Swinging Strike 1-2: Strikes out swinging
|
|
Batting: RHB Jose Marquez
|
0-0: SINGLE (Groundball, 4MD, EV 103.1 MPH) (infield hit)
|
|
Batting: RHB Dunlang Clark
|
0-0: Swinging Strike 0-1: Foul Ball, location: 2F 0-2: Strikes out looking
|
|
Batting: RHB Sean Peake
|
0-0: Foul Ball, location: 2F 0-1: Ball 1-1: Ball 2-1: Swinging Strike 2-2: Ball 3-2: Strikes out swinging
|
| Top of the 3rd over - 0 runs, 1 hit, 0 errors, 1 left on base; Kannapolis 0 - Greenville 0 |
| BOTTOM OF THE 3RD |
|
Greenville Drive batting - Pitching for Kannapolis Intimidators : RHP Gabe Wagner
|
|
Batting: RHB Tony Nunez
|
0-0: Ball 1-0: Ball 2-0: Foul Ball, location: 2F 2-1: Swinging Strike 2-2: Foul Ball, location: 2F 2-2: Ball 3-2: Foul Ball, location: 2F 3-2: Strikes out swinging
|
|
Batting: RHB Ted Emmerich
|
0-0: Called Strike 0-1: Swinging Strike 0-2: Ball 1-2: Ball 2-2: Strikes out looking
|
|
Batting: RHB Roger Mitchell
|
0-0: Ball 1-0: Foul Ball, location: 2F 1-1: Ball 2-1: Foul Ball, location: 2F 2-2: Ball 3-2: Strikes out swinging
|
| Bottom of the 3rd over - 0 runs, 0 hits, 0 errors, 0 left on base; Kannapolis 0 - Greenville 0 |
| TOP OF THE 4TH |
|
Kannapolis Intimidators batting - Pitching for Greenville Drive : RHP Su-wu Yang
|
|
Batting: RHB Mike Warzecha
|
0-0: Ball 1-0: Ball 2-0: Foul Ball, location: 2F 2-1: Called Strike 2-2: Ball 3-2: Strikes out swinging
|
|
Batting: RHB Mark Jones
|
0-0: Called Strike 0-1: Ball 1-1: Swinging Strike 1-2: Ball 2-2: Foul Ball, location: 2F 2-2: Ball 3-2: Base on Balls
|
|
Batting: LHB Herkko Haavikko
|
0-0: Swinging Strike 0-1: Ball 1-1: SINGLE (Groundball, 6D, EV 95.0 MPH) Mark Jones to second
|
|
Batting: RHB Nick Kleckner
|
0-0: Ball 1-0: Called Strike 1-1: Ball 2-1: DOUBLE (Line Drive, 78D, EV 106.9 MPH) Mark Jones scores Herkko Haavikko to third Runner from 3rd tries for Home, SAFE, no throw by LF
|
|
Batting: RHB Armando Vazquez
|
0-0: Foul Ball, location: 2F 0-1: Called Strike 0-2: Ball 1-2: Foul Ball, location: 2F 1-2: Ball 2-2: DOUBLE (Line Drive, 7LM, EV 99.4 MPH) Nick Kleckner scores
|
|
Batting: RHB Tatsunori Hayakawa
|
0-0: Called Strike 0-1: Ball 1-1: Foul Ball, location: 2F 1-2: Strikes out swinging
|
|
Batting: RHB Jose Marquez
|
0-0: Fly out, F8 (Flyball, 8LS, EV 92.5 MPH)
|
| Top of the 4th over - 3 runs, 3 hits, 0 errors, 1 left on base; Kannapolis 3 - Greenville 0 |
| BOTTOM OF THE 4TH |
|
Greenville Drive batting - Pitching for Kannapolis Intimidators : RHP Gabe Wagner
|
|
Batting: LHB John Buff
|
0-0: Ball 1-0: Ball 2-0: TRIPLE (Line Drive, 9LD, EV 113.1 MPH)
|
|
Batting: LHB Carlos Guerra
|
0-0: Ball 1-0: Called Strike 1-1: SINGLE (Groundball, 34D, EV 96.2 MPH) John Buff scores
|
|
Batting: LHB Eddie Contreras
|
0-0: Ball 1-0: Called Strike 1-1: DOUBLE (Line Drive, 7LD, EV 114.4 MPH) Carlos Guerra to third
|
|
Batting: RHB Jim Hubbard
|
0-0: Foul Ball, location: 2F 0-1: Ball 1-1: Ball 2-1: SINGLE (Groundball, 56S, EV 65.0 MPH) (infield hit) Carlos Guerra scores Eddie Contreras to third
|
|
Batting: SHB Robert Soto
|
0-0: Called Strike 0-1: Ball 1-1: Called Strike 1-2: Ball 2-2: Strikes out swinging
|
|
Batting: RHB Alex Cardenas
|
0-0: Called Strike 0-1: Reached on error, E7 (Flyball, 78S, EV 89.4 MPH) Eddie Contreras scores Jim Hubbard to second
|
|
Batting: RHB Tony Nunez
|
0-0: Called Strike 0-1: Called Strike 0-2: Strikes out swinging
|
|
Batting: RHB Ted Emmerich
|
0-0: SINGLE (Line Drive, 6M, EV 99.4 MPH) Jim Hubbard to third Alex Cardenas to second Runner from 3rd tries for Home, throw by CF and OUT! 8-2
|
| Bottom of the 4th over - 3 runs, 5 hits, 1 error, 2 left on base; Kannapolis 3 - Greenville 3 |
| TOP OF THE 5TH |
|
Kannapolis Intimidators batting - Pitching for Greenville Drive : RHP Su-wu Yang
|
|
Batting: RHB Dunlang Clark
|
0-0: Ball 1-0: Ball 2-0: Ball 3-0: Base on Balls
|
|
Batting: RHB Sean Peake
|
0-0: Called Strike 0-1: Ball 1-1: Ball 2-1: Hit by Pitch Dunlang Clark to second
|
|
Batting: RHB Mike Warzecha
|
0-0: Called Strike 0-1: Ball 1-1: Foul Ball, location: 2F 1-2: Grounds into double play, 6-4-3 (Groundball, 6MD, EV 105.6 MPH) Dunlang Clark to third
|
|
Batting: RHB Mark Jones
|
0-0: DOUBLE (Groundball, 5L, EV 110.6 MPH) Dunlang Clark scores
|
|
Batting: LHB Herkko Haavikko
|
0-0: Called Strike 0-1: Ball 1-1: Ball 2-1: Foul Ball, location: 2F 2-2: Strikes out looking
|
| Top of the 5th over - 1 run, 1 hit, 0 errors, 1 left on base; Kannapolis 4 - Greenville 3 |
| BOTTOM OF THE 5TH |
|
Greenville Drive batting - Pitching for Kannapolis Intimidators : RHP Gabe Wagner
|
|
Batting: RHB Roger Mitchell
|
0-0: Foul Ball, location: 2F 0-1: Ball 1-1: Ball 2-1: SINGLE (Line Drive, 4MD, EV 103.1 MPH)
|
|
Batting: LHB John Buff
|
0-0: Called Strike Roger Mitchell is caught stealing 2nd base 2-6 0-1: Ball 1-1: Ball 2-1: SINGLE (Flyball, 7LS, EV 88.8 MPH)
|
|
Batting: LHB Carlos Guerra
|
0-0: Foul Ball, location: 2F 0-1: Grounds into double play, 4-6-3 (Groundball, 34, EV 108.1 MPH)
|
| Bottom of the 5th over - 0 runs, 2 hits, 0 errors, 0 left on base; Kannapolis 4 - Greenville 3 |
| TOP OF THE 6TH |
|
Kannapolis Intimidators batting - Pitching for Greenville Drive : RHP Su-wu Yang
|
|
Batting: RHB Nick Kleckner
|
0-0: Called Strike 0-1: Ball 1-1: Ball 2-1: Called Strike 2-2: Ball 3-2: Base on Balls
|
|
Pitching: RHP Adrian Colorado
|
|
|
Batting: RHB Armando Vazquez
|
0-0: Called Strike 0-1: Ball 1-1: Foul Ball, location: 2F 1-2: Ball Wild Pitch! Nick Kleckner to second 2-2: Ball 3-2: Foul Ball, location: 2F 3-2: Ground out 6-3 (Groundball, 56, EV 85.6 MPH)
|
|
Batting: RHB Tatsunori Hayakawa
|
0-0: Ball 1-0: Ball 2-0: Ball 3-0: Base on Balls
|
|
Batting: RHB Jose Marquez
|
0-0: Ball 1-0: Fielders Choice at 2nd, 6-4 (Groundball, 6, EV 103.1 MPH) Nick Kleckner to third
|
|
Batting: RHB Dunlang Clark
|
0-0: Called Strike 0-1: Foul Ball, location: 2F 0-2: Foul Ball, location: 2F 0-2: Fly out, F9 (Line Drive, 9S, EV 85.6 MPH)
|
| Top of the 6th over - 0 runs, 0 hits, 0 errors, 2 left on base; Kannapolis 4 - Greenville 3 |
| BOTTOM OF THE 6TH |
|
Greenville Drive batting - Pitching for Kannapolis Intimidators : RHP Gabe Wagner
|
|
Batting: LHB Eddie Contreras
|
0-0: Ball 1-0: Foul Ball, location: 2F 1-1: Ball 2-1: Fly out, F4 (Popup, 34, EV 65.6 MPH)
|
|
Batting: RHB Jim Hubbard
|
0-0: Ball 1-0: SINGLE (Groundball, 34S, EV 67.5 MPH) (infield hit)
|
|
Batting: SHB Robert Soto
|
0-0: SINGLE (Flyball, 4D, EV 90.6 MPH) Jim Hubbard to second
|
|
Batting: RHB Alex Cardenas
|
0-0: Called Strike 0-1: Foul Ball, location: 2F 0-2: Grounds into double play, 3-6-1 (Groundball, 3, EV 108.8 MPH)
|
| Bottom of the 6th over - 0 runs, 2 hits, 0 errors, 1 left on base; Kannapolis 4 - Greenville 3 |
| TOP OF THE 7TH |
|
Kannapolis Intimidators batting - Pitching for Greenville Drive : RHP Adrian Colorado
|
|
Batting: RHB Sean Peake
|
0-0: Swinging Strike 0-1: Ball 1-1: Foul Ball, location: 2F 1-2: Ball 2-2: Ball 3-2: SINGLE (Groundball, 6S, EV 65.6 MPH) (infield hit)
|
|
Batting: RHB Mike Warzecha
|
Pickoff Throw to First - Error! E1 Sean Peake to second 0-0: Sac Bunt to 2L - play at first, batter OUT! 2-3 Sean Peake to third
|
|
Batting: RHB Mark Jones
|
0-0: Called Strike 0-1: Foul Ball, location: 2F 0-2: SINGLE (Groundball, 56D, EV 108.1 MPH) Sean Peake scores
|
|
Pitching: LHP Rob Hymowitz
|
|
|
Batting: LHB Herkko Haavikko
|
0-0: Swinging Strike 0-1: Swinging Strike 0-2: Ball 1-2: Ball 2-2: Ball 3-2: Strikes out swinging
|
|
Pitching: RHP Paul Carter
|
|
|
Batting: RHB Nick Kleckner
|
0-0: Ball Wild Pitch! Mark Jones to second 1-0: Ball 2-0: Foul Ball, location: 2F 2-1: Ground out 6-3 (Groundball, 4MS, EV 70.6 MPH)
|
| Top of the 7th over - 1 run, 2 hits, 1 error, 1 left on base; Kannapolis 5 - Greenville 3 |
| BOTTOM OF THE 7TH |
|
Greenville Drive batting - Pitching for Kannapolis Intimidators : RHP Gabe Wagner
|
|
Batting: RHB Tony Nunez
|
0-0: Foul Ball, location: 2F 0-1: Ball 1-1: Swinging Strike 1-2: Strikes out swinging
|
|
Batting: RHB Ted Emmerich
|
0-0: Called Strike 0-1: Called Strike 0-2: Fly out, F7 (Flyball, 7, EV 81.2 MPH)
|
|
Batting: RHB Roger Mitchell
|
0-0: Ball 1-0: Ball 2-0: Ball 3-0: Base on Balls
|
|
Batting: LHB John Buff
|
0-0: Called Strike 0-1: Foul Ball, location: 2F 0-2: Strikes out swinging
|
| Bottom of the 7th over - 0 runs, 0 hits, 0 errors, 1 left on base; Kannapolis 5 - Greenville 3 |
| TOP OF THE 8TH |
|
Kannapolis Intimidators batting - Pitching for Greenville Drive : RHP Paul Carter
|
|
Batting: RHB Armando Vazquez
|
0-0: Swinging Strike 0-1: Swinging Strike 0-2: Foul Ball, location: 2F 0-2: Ball 1-2: Strikes out swinging, 2-3 out at first.
|
|
Batting: RHB Tatsunori Hayakawa
|
0-0: Ball 1-0: Called Strike 1-1: Foul Ball, location: 2F 1-2: Strikes out looking
|
|
Batting: RHB Jose Marquez
|
0-0: Foul Ball, location: 2F 0-1: Ball 1-1: Ball 2-1: Called Strike 2-2: Foul Ball, location: 2F 2-2: Ball 3-2: Fly out, F8 (Flyball, 8LD, EV 92.5 MPH)
|
| Top of the 8th over - 0 runs, 0 hits, 0 errors, 0 left on base; Kannapolis 5 - Greenville 3 |
| BOTTOM OF THE 8TH |
|
Greenville Drive batting - Pitching for Kannapolis Intimidators : RHP Gabe Wagner
|
|
Now in LF: Jose Castillo
|
|
|
Batting: LHB Carlos Guerra
|
0-0: Ball 1-0: Called Strike 1-1: Fly out, F8 (Flyball, 8RD, EV 100.0 MPH)
|
|
Pitching: RHP Nate Myers
|
|
|
Now at 1B: Jose Castillo
|
|
|
Now in LF: Kyle Morse
|
|
|
Batting: LHB Eddie Contreras
|
0-0: Called Strike 0-1: Called Strike 0-2: Strikes out swinging
|
|
Batting: RHB Jim Hubbard
|
0-0: Ball 1-0: Fly out, F6 (Flyball, 6MD, EV 88.1 MPH)
|
| Bottom of the 8th over - 0 runs, 0 hits, 0 errors, 0 left on base; Kannapolis 5 - Greenville 3 |
| TOP OF THE 9TH |
|
Kannapolis Intimidators batting - Pitching for Greenville Drive : RHP Paul Carter
|
|
Pitching: LHP Jason Salzer
|
|
|
Batting: RHB Dunlang Clark
|
0-0: Called Strike 0-1: Foul Ball, location: 2F 0-2: Strikes out looking
|
|
Batting: RHB Sean Peake
|
0-0: Foul Ball, location: 2F 0-1: Ball 1-1: SINGLE (Line Drive, 78S, EV 88.8 MPH)
|
|
Batting: RHB Kyle Morse
|
0-0: Foul Ball, location: 2F 0-1: Ball Sean Peake steals 2nd base 1-1: Called Strike 1-2: Strikes out looking
|
|
Batting: RHB Mark Jones
|
0-0: Called Strike 0-1: Ground out 5-3 (Groundball, 56, EV 106.9 MPH)
|
| Top of the 9th over - 0 runs, 1 hit, 0 errors, 1 left on base; Kannapolis 5 - Greenville 3 |
| BOTTOM OF THE 9TH |
|
Greenville Drive batting - Pitching for Kannapolis Intimidators : RHP Nate Myers
|
|
Pitching: RHP Chris Worster
|
|
|
Now at 1B: Luwen Storm
|
|
|
Now in LF: Jose Castillo
|
|
|
Batting: SHB Robert Soto
|
0-0: Foul Ball, location: 2F 0-1: Foul Ball, location: 2F 0-2: Foul Ball, location: 2F 0-2: Fly out, F9 (Flyball, 9S, EV 75.0 MPH)
|
|
Pinch Hitting: LHB Danny Montoya
|
0-0: Called Strike 0-1: Ball 1-1: Ground out U3 (Groundball, 23, EV 90.0 MPH)
|
|
Pinch Hitting: LHB Kevin Rolison
|
0-0: Swinging Strike 0-1: Ball 1-1: Ball 2-1: Ground out 6-3 (Groundball, 6, EV 87.5 MPH)
|
| Bottom of the 9th over - 0 runs, 0 hits, 0 errors, 0 left on base; Kannapolis 5 - Greenville 3 |
|